 Dungeon Crawl Stone Soup version 0.32-a0-329-ge6c31236d6 (webtiles) character file.

Game seed: 11062065446027463293

123246 jasper the Inexorable Tide (level 16, -37/154 HPs)
             Began as a Mountain Dwarf Fighter on Feb 15, 2024.
             Was a High Priest of Yredelemnul.
             Killed from afar by a salamander tyrant (53 damage)
             ... on level 2 of the Snake Pit on Feb 16, 2024.
             The game lasted 00:49:26 (30211 turns).

jasper the Inexorable Tide (MDFi)                  Turns: 30211, Time: 00:49:27

Health: -37/154    AC: 25    Str: 26    XL:     16   Next: 36%
Magic:  29/29      EV: 10    Int: 10    God:    Yredelemnul [*****.]
Gold:   2345       SH:  4    Dex:  9    Spells: 15/15 levels left

rFire   . . .        g - +4 broad axe (flame)
rCold   . . .        c - +0 buckler
rNeg    . . .        G - +0 swamp dragon scales
rPois   +            e - +1 helmet
rElec   .            (no cloak)
rCorr   .            a - +1 pair of gloves
SInv    .            z - +2 pair of boots
Will    +....        l - amulet of faith Stlth
                     D - +4 ring of slaying
HPRegen 0.45/turn    p - +4 ring of protection
MPRegen 0.21/turn

%: faith
@: weakened, wreathed by umbra, studying Throwing
A: runic magic, artefact enchanting
a: Renounce Religion, Light the Black Torch, Recall Undead Harvest, Hurl
Torchlight, Bind Soul, Fathomless Shackles


You were on level 2 of the Snake Pit.
You worshipped Yredelemnul.
Yredelemnul was most pleased with you.
You visited 4 branches of the dungeon, and saw 24 of its levels.
You also visited: Sewer and Ossuary.

You collected 3908 gold pieces.
You spent 1563 gold pieces at shops.

Inventory:

Hand Weapons
 g - a +4 broad axe of flaming (weapon)
 Z - a +1 broad axe of draining
Missiles
 n - 2 throwing nets
 F - 18 boomerangs
Armour
 a - a +1 pair of gloves (worn)
 c - a +0 buckler (worn)
 e - a +1 helmet (worn)
 u - the +6 chain mail of Baleful Knowledge {rN+ Dex+3}
   (You found it on level 15 of the Dungeon)

   Dex+3:     It affects your dexterity (+3).
   rN+:       It protects you from negative energy.
 z - a +2 pair of boots (worn)
 G - +0 swamp dragon scales (worn)
Jewellery
 f - a ring of fire
 l - an amulet of faith (around neck)
 p - a +4 ring of protection (right hand)
 q - a ring of see invisible
 A - a ring of resist corrosion
 D - a +4 ring of slaying (left hand)
Wands
 i - a wand of paralysis (51)
 o - a wand of roots (34)
 I - a wand of digging (15)
 N - a wand of quicksilver (3)
 V - a wand of flame (20)
Scrolls
 b - 2 scrolls of butterflies
 m - 8 scrolls of immolation
 y - a scroll of poison
 C - 13 scrolls of teleportation
 H - 4 scrolls of identify
 J - a scroll of enchant weapon
 K - 4 scrolls of noise
 L - 2 scrolls of vulnerability
 O - 3 scrolls of fear
 P - 2 scrolls of blinking
 Q - 3 scrolls of enchant armour
 R - 4 scrolls of revelation
 S - 3 scrolls of fog
 X - 3 scrolls of silence
Potions
 d - 7 potions of might
 h - 14 potions of degeneration
 r - 5 potions of curing
 s - a potion of heal wounds
 t - 3 potions of lignification
 v - 5 potions of enlightenment
 w - 3 potions of brilliance
 x - 4 potions of invisibility
 B - 2 potions of mutation
 E - 2 potions of berserk rage
 M - 2 potions of ambrosia
 T - 2 potions of attraction
 U - a potion of resistance
 W - 3 potions of haste
 Y - 3 potions of magic
Miscellaneous
 j - a phantom mirror
 k - a sack of spiders


   Skills:
 + Level 16.8 Fighting
 - Level 18.0 Axes
 + Level 16.6 Armour
 - Level 3.2 Shields
 + Level 19.1 Invocations


You had 15 spell levels left.
You didn't know any spells.
Your spell library contained the following spells:

 Spells                   Type           Power      Damage    Failure   Level
 Apportation              Tloc           0%         N/A       43%         1
 Magic Dart               Conj           0%         1d3       43%         1
 Necrotise                Necr           0%         1d4       43%         1
 Shock                    Conj/Air       0%         1d3       43%         1
 Slow                     Hex            0%         N/A       43%         1
 Sting                    Conj/Alch      0%         1d3       43%         1
 Summon Small Mammal      Summ           0%         N/A       43%         1
 Jinxbite                 Hex            0%         N/A       58%         2
 Mercury Vapours          Alch/Air       0%         N/A       58%         2
 Searing Ray              Conj           0%         2d4       58%         2
 Sublimation of Blood     Necr           0%         N/A       58%         2
 Confusing Touch          Hex            0%         N/A       82%         3
 Dazzling Flash           Conj/Hex       0%         N/A       82%         3
 Frozen Ramparts          Ice            0%         1d1       82%         3
 Fugue of the Fallen      Necr           0%         N/A       82%         3
 Inner Flame              Hex/Fire       0%         N/A       82%         3
 Mephitic Cloud           Conj/Alch/Air  0%         N/A       82%         3
 Ozocubu's Armour         Ice            0%         N/A       82%         3
 Sigil of Binding         Hex            0%         N/A       82%         3
 Swiftness                Air            0%         N/A       82%         3
 Vampiric Draining        Necr           0%         2d6       82%         3
 Volatile Blastmotes      Fire/Tloc      0%         2d10      82%         3
 Cause Fear               Hex            0%         N/A       99%         4
 Fulminant Prism          Conj/Alch      0%         3d5       99%         4
 Leda's Liquefaction      Alch/Erth      0%         N/A       99%         4
 Manifold Assault         Tloc           0%         N/A       99%         4
 Olgreb's Toxic Radiance  Alch           0%         N/A       99%         4
 Petrify                  Alch/Erth      0%         N/A       99%         4
 Alistair's Intoxication  Alch           0%         N/A       100%        5
 Borgnjor's Vile Clutch   Necr/Erth      0%         N/A       100%        5
 Fireball                 Conj/Fire      0%         3d3       100%        5
 Freezing Cloud           Conj/Ice/Air   0%         6-21      100%        5
 Irradiate                Conj/Alch      0%         3d11      100%        5
 Metabolic Englaciation   Hex/Ice        0%         N/A       100%        5
 Yara's Violent Unravell  Hex/Alch       0%         3d3       100%        5
 Bombard                  Conj/Erth      0%         9d1       100%        6
 Eringya's Noxious Bog    Alch           0%         4d6       100%        6
 Starburst                Conj/Fire      0%         6d3       100%        6
 Enfeeble                 Hex            0%         N/A       100%        7
 Maxwell's Capacitive Co  Air            0%         ∞         100%        8
 Dragon's Call            Summ           0%         N/A       100%        9
 Polar Vortex             Ice            0%         N/A       100%        9


Dungeon Overview and Level Annotations

Branches:
Dungeon (15/15)            Temple (0/1) D:4            Lair (5/5) D:8
 Shoals (0/4) Lair:2        Snake (2/4) Lair:3        Slime (0/5) Lair:4
    Orc (2/2) D:9             Elf (0/3) Orc:2        Vaults (0/5) D:13
 Depths (0/4) D:15          Sewer (visited)         Ossuary (visited)

Altars:
Ashenzari
Cheibriados
Dithmenos
Elyvilon
Fedhas
Hepliaklqana
Nemelex Xobeh
Okawaru
Qazlal
Vehumet
Wu Jian
Xom
Yredelemnul
Beogh
Jiyva

Shops:
D:5 (   D:8 ?*(**   D:10 =   D:11 *   Orc:2 *[:(   Snake:2 [

Annotations:
D:10 2 transporters


Innate Abilities, Weirdness & Mutations

Your spellcasting is much less encumbered by armour.
You can use scrolls of enchantment on lesser artefacts.


Message History

The blast of magma engulfs your bound ettin!!!
The blast of magma engulfs you.
The blast of magma engulfs your naga ritualist zombie!!!
The salamander wields a +0 shortbow of flaming.
It bursts into flame!
The salamander shoots an arrow.
The arrow hits your naga ritualist zombie.
The arrow burns your naga ritualist zombie.
You take 2 damage, and have 84/154 hp.
The salamander tyrant calls gouts of flame from the lava!
The flame surge hits you!
The salamander unwields a +0 shortbow of flaming.
It stops flaming.
The salamander barely misses you.
You take 14 damage, and have 70/154 hp.
You slash the salamander!
The salamander is lightly wounded.
The salamander tyrant gazes fiercely through you!
You feel your attacks grow feeble.
The salamander hits you from afar with a +0 halberd.
You are engulfed in flames!
You take 18 damage, and have 52/154 hp.
You closely miss the salamander.
The salamander is lightly wounded.
The salamander hits you but does no damage.
The salamander tyrant calls gouts of flame from the lava!
The flame surge hits you!!!
* * * LOW HITPOINT WARNING * * *
The flame surge hits your naga ritualist zombie!!!
Your naga ritualist zombie is destroyed!
The salamander hits you but does no damage.
You slash the salamander!
The salamander is moderately wounded.
The salamander hits you but does no damage.
The salamander tyrant rends the earth beneath you!
The blast of magma engulfs the salamander!
The salamander partially resists.
The blast of magma engulfs your bound ettin!!
The blast of magma engulfs your black mamba zombie!!
The blast of magma engulfs you!!!
You die...
Your body rises from the dead as a mindless zombie.

###..####.....#
#.....).......#
##............#
##...).......#
##.........## #
#.......Z## .##
##..)...ZZ## .N.##
##...##ZZZ##NN..>#
#..####≈Z@N# ##..
###≈## ##.. ###
#.. ##. ##


You could see a salamander tyrant (ally target), 3 salamanders, a friendly bound
ettin, 2 friendly black mamba zombies, 3 friendly naga zombies and a friendly
naga warrior zombie.

Vanquished Creatures
  The ghost of waq the Warrior, an adept GrMo of Kikubaaqudgha (Snake:1)
  An orc warlord (Orc:2)
  A dire elephant (Lair:5)
  A fire dragon (D:13)
  A catoblepas (Lair:2)
  4 hydras
  A centaur warrior (D:13)
  2 death knights
  An ogre mage (D:15)
  2 anacondas (Snake:1)
  12 two-headed ogres
  2 tengu warriors
  A boulder beetle (D:15)
  3 naga warriors
  An orc high priest (Orc:2)
  5 death yaks
  A spectral anaconda (Lair:5)
  2 deep trolls
  A flayed ghost (D:12)
  A mana viper (Snake:2)
  A naga ritualist (Snake:2)
  An arcanist (D:13)
  2 orc knights (Orc:2)
  An obsidian statue (Lair:5)
  Pikel (D:7)
  16 ugly things
  A phantasmal warrior (D:15)
  3 necromancers
  3 orc sorcerers (Orc:2)
  7 cyclopes
  10 black mambas
  An ice statue (Snake:1)
  5 elephants (Lair:5)
  2 guardian serpents (Snake:1)
  4 manticores
  3 naga magi
  A salamander (Snake:2)
  2 gargoyles
  8 cane toads
  2 orange demons (Orc:1)
  A spectral troll (Orc:2)
  An unseen horror (D:11)
  2 kobold demonologists
  3 rime drakes
  2 yaktaurs (D:15)
  8 komodo dragons
  An efreet (D:15)
  A freezing wraith (D:15)
  8 trolls
  A komodo dragon (shapeshifter) (D:15)
  A hornet (D:15)
  A polar bear (Lair:2)
  A dream sheep (Lair:5)
  3 blink frogs
  6 slime creatures
  4 shadows
  A wyvern (Lair:4)
  A vampire (D:9)
  28 yaks
  2 wraiths (D:11)
  2 wargs (Orc:1)
  A hog (shapeshifter) (D:13)
  A basilisk (Lair:1)
  3 vampire mosquitoes (D:13)
  2 spectral cane toads (Lair:5)
  A steam dragon (D:9)
  12 nagas
  2 acid dragons
  9 water moccasins
  16 orc warriors
  2 laughing skulls (D:13)
  A crocodile (Sewer)
  6 ogres
  2 black bears
  4 centaurs
  An elephant skeleton (Lair:5)
  The ghost of soul19 the Changeling, an amateur DsSh (D:3)
  8 wolves
  3 lemures (D:7)
  A phantom (D:4)
  11 bullfrogs
  A kobold brigand (D:8)
  A gnoll sergeant (D:8)
  A brain worm (Sewer)
  7 scorpions
  A cane toad simulacrum (Lair:5)
  14 wights
  An elephant simulacrum (Lair:5)
  2 electric eels (D:12)
  2 howler monkeys
  A centaur zombie (Ossuary)
  A human zombie (Ossuary)
  2 lava snakes (Lair:3)
  A jelly (D:6)
  20 orc priests
  3 iguanas
  A sleepcap (D:6)
  Ijyb (D:2)
  17 orc wizards
  4 hound zombies (Ossuary)
  2 mummies
  7 gnolls
  A river rat (D:5)
  3 adders
  3 adder zombies (Ossuary)
  2 ribbon worms
  60 orcs
  7 ball pythons
  An endoplasm (D:3)
  6 giant cockroaches
  4 gnoll zombies (Ossuary)
  7 hobgoblins
  4 quokkas
  9 bats
  14 goblins
  A goblin zombie (D:4)
  A hobgoblin zombie (D:4)
  4 jackal zombies (Ossuary)
  10 kobolds
  2 kobold zombies (Ossuary)
  12 orc zombies
  6 rats
530 creatures vanquished.

Vanquished Creatures (collateral kills)
  A nagaraja (Snake:2)
  2 dire elephants (Lair:5)
  An entropy weaver (shapeshifter) (D:15)
  A yaktaur captain (D:12)
  4 hydras
  An ogre mage (Orc:2)
  A boulder beetle (Lair:3)
  An anaconda (Snake:2)
  A centaur warrior (D:13)
  A naga warrior (Snake:1)
  A naga sharpshooter (Snake:2)
  A shock serpent (Snake:1)
  Sonja (D:10)
  Urug (D:10)
  Nergalle (Orc:2)
  A skeletal warrior (D:15)
  2 phantasmal warriors
  2 necromancers (Lair:5)
  3 orc knights
  A deep elf pyromancer (D:13)
  2 orc sorcerers
  16 ugly things
  2 manticores
  4 salamanders
  3 elephants (Lair:5)
  A dire elephant zombie (Lair:5)
  8 black mambas
  A black mamba (shapeshifter) (D:13)
  4 naga magi
  An orange demon (Orc:1)
  2 cane toads (Lair:5)
  An efreet (D:14)
  Maggie (D:7)
  2 unseen horrors
  4 komodo dragons
  A tengu conjurer (D:14)
  2 yaktaurs (D:15)
  A troll (D:10)
  A polar bear (shapeshifter) (D:15)
  2 hornets
  3 blink frogs
  A raiju (shapeshifter) (D:15)
  Grinder (D:4)
  4 dream sheep (Lair:5)
  2 shadows (D:12)
  2 wraiths (D:15)
  A water elemental (D:12)
  A centaur simulacrum (D:15)
  A slime creature (D:11)
  11 yaks
  3 wyverns
  2 basilisks
  A warg (Orc:1)
  A vampire mosquito (D:13)
  A steam dragon (D:6)
  6 nagas
  5 water moccasins
  A swamp drake (D:9)
  A black bear (D:6)
  An ogre (Orc:2)
  11 orc warriors
  An elephant zombie (Lair:5)
  A centaur (D:7)
  2 wolves (Lair:4)
  A boggart (shapeshifter) (D:13)
  An elephant skeleton (Lair:5)
  An elf zombie (Ossuary)
  4 bullfrogs
  3 wights
  A hornet simulacrum (D:14)
  2 howler monkeys
  2 centaur zombies (Ossuary)
  A human zombie (Ossuary)
  2 hounds
  6 orc priests
  An iguana (D:5)
  10 orc wizards
  A mummy (Ossuary)
  An adder (D:5)
  An adder zombie (Ossuary)
  21 orcs
  An endoplasm (D:4)
  2 giant cockroaches (D:4)
  A gnoll zombie (Ossuary)
  2 goblins
  2 bats (Sewer)
  2 frilled lizards
  2 jackal zombies (Ossuary)
  2 kobold zombies (Ossuary)
  3 orc zombies (Ossuary)
227 creatures vanquished.

Vanquished Creatures (others)
  A spectral storm dragon (D:15)
  An occultist (D:12)
  3 ugly thing zombies
  A spectral two-headed ogre (Lair:5)
  A hydra zombie (D:15)
  2 black mamba zombies
  2 spectral orange demons (Orc:1)
  A slime creature zombie (D:12)
  3 human zombies
  6 two-headed ogre zombies
  A spectral efreet (D:15)
  An elf zombie (D:13)
  A blink frog zombie (Lair:5)
  A manticore zombie (D:15)
  A salamander zombie (Snake:1)
  A yaktaur zombie (D:15)
  A warg zombie (Orc:1)
  4 water moccasin zombies
  2 troll zombies
  2 wolf zombies (D:8)
  A centaur zombie (D:12)
  A bullfrog zombie (D:8)
  A scorpion zombie (Orc:1)
  2 naga zombies (Snake:2)
  2 ogre zombies
  A hound zombie (D:6)
  2 howler monkey zombies
  A steam dragon zombie (D:6)
  A bat zombie (D:3)
  2 gnoll zombies (D:8)
  A ball python zombie (D:5)
  A giant cockroach zombie (D:4)
  A goblin zombie (D:4)
  48 orc zombies
101 creatures vanquished.

Grand Total: 858 creatures vanquished

Notes
Turn   | Place    | Note
-------+----------+-------------------------------------------
     0 | D:1      | jasper the Mountain Dwarf Fighter began the quest for the
                  | Orb.
     0 | D:1      | Reached XP level 1. HP: 19/19 MP: 1/1
   184 | D:1      | Reached XP level 2. HP: 26/26 MP: 2/2
   606 | D:1      | Reached XP level 3. HP: 31/31 MP: 3/3
  1528 | D:2      | Reached skill level 5 in Axes
  1635 | D:2      | Noticed Ijyb
  1643 | D:2      | Paralysed by Ijyb for 5 turns
  1652 | D:2      | Killed Ijyb
  1653 | D:2      | Reached XP level 4. HP: 20/38 MP: 2/4
  1738 | D:2      | Got the Grimoire of the Lofty Pyre
  1895 | D:2      | Got the Incunable of the Alpine Ground
  1922 | D:2      | Found a faded altar of an unknown god.
  1944 | D:2      | Prayed at the altar of an unknown god.
  1944 | D:2      | Became a worshipper of Yredelemnul the Fallen
  1944 | D:2      | Reached * piety under Yredelemnul
  2415 | D:3      | Reached XP level 5. HP: 31/45 MP: 3/5
  3156 | D:3      | Found a runed translucent door.
  3158 | D:3      | Noticed soul19's ghost (amateur DsSh)
  3178 | D:3      | Killed soul19's ghost
  3179 | D:3      | Reached XP level 6. HP: 33/51 MP: 3/6
  3885 | D:4      | Found a staircase to the Ecumenical Temple.
  3938 | D:4      | Found a sand-covered staircase.
  3945 | Ossuary  | Entered an ossuary
  4065 | Ossuary  | Reached XP level 7. HP: 57/57 MP: 7/7
  4076 | Ossuary  | Reached skill level 10 in Axes
  4234 | D:4      | Noticed Grinder
  4236 | D:4      | Paralysed by Grinder for 4 turns
  4246 | D:4      | Killed Grinder
  4457 | D:4      | Reached ** piety under Yredelemnul
  4760 | D:4      | Reached XP level 8. HP: 63/63 MP: 8/8
  4803 | D:5      | Entered Level 5 of the Dungeon
  4828 | D:5      | Found Piurhew's Weapon Shoppe.
  5039 | D:5      | Found a glowing drain.
  5043 | Sewer    | Entered a sewer
  5089 | Sewer    | Identified the -2 cloak "Bicwooho" {Rampage *Corrode Int+9
                  | Dex+4}
  5406 | D:5      | Found a sparkling altar of Nemelex Xobeh.
  5924 | D:5      | Upgraded the game from 0.32-a0-314-g526f7d4993 to
                  | 0.32-a0-329-ge6c31236d6
  6059 | D:6      | Found a stormy altar of Qazlal.
  6081 | D:6      | Reached XP level 9. HP: 64/70 MP: 7/9
  6186 | D:6      | Found an iron altar of Okawaru.
  6233 | D:6      | Noticed a two-headed ogre
  6236 | D:6      | Noticed a kobold demonologist
  6242 | D:6      | Killed a two-headed ogre
  6243 | D:6      | Reached skill level 15 in Axes
  6244 | D:6      | Noticed a sixfirhy
  6245 | D:6      | Noticed a smoke demon
  6458 | D:6      | Noticed an orange demon
  6459 | D:6      | Noticed a sun demon
  6462 | D:6      | Killed a kobold demonologist
  6935 | D:7      | Noticed Maggie
  6945 | D:7      | Killed Maggie
  7064 | D:7      | Found a broken altar of Ashenzari.
  7064 | D:7      | Noticed Pikel
  7078 | D:7      | Reached XP level 10. HP: 57/77 MP: 8/10
  7085 | D:7      | Killed Pikel
  7390 | D:7      | Reached skill level 1 in Invocations
  7642 | D:7      | Reached *** piety under Yredelemnul
  8082 | D:8      | Found Yrimel's Assorted Antiques.
  8154 | D:8      | Bought a grey potion for 25 gold pieces
  8154 | D:8      | Bought a viscous ruby potion for 25 gold pieces
  8154 | D:8      | Bought a viscous ruby potion for 25 gold pieces
  8154 | D:8      | Bought a runed lead wand for 112 gold pieces
  8213 | D:8      | Reached skill level 2 in Invocations
  8421 | D:8      | Reached skill level 3 in Invocations
  8668 | D:8      | Found Zufusus's Weapon Emporium.
  8681 | D:8      | Reached skill level 4 in Invocations
  8786 | D:8      | Found a staircase to the Lair.
  8812 | D:8      | Found Iran's Magic Scroll Emporium.
  8817 | D:8      | Bought a scroll of fear for 48 gold pieces
  8817 | D:8      | Bought a scroll of blinking for 90 gold pieces
  8817 | D:8      | Bought a scroll of enchant armour for 90 gold pieces
  8817 | D:8      | Bought a scroll of teleportation for 36 gold pieces
  8852 | D:8      | Found Zyamacet's General Store.
  8929 | D:8      | Reached skill level 5 in Fighting
  8929 | D:8      | Reached skill level 5 in Armour
  8971 | D:8      | Noticed a two-headed ogre
  8983 | D:8      | Killed a two-headed ogre
  8984 | D:8      | Reached skill level 5 in Invocations
  9142 | D:8      | Found a transporter.
  9142 | D:8      | Found Zerimed's Assorted Antiques.
  9454 | D:8      | Found a transporter.
  9830 | D:9      | Reached **** piety under Yredelemnul
  9831 | D:9      | Reached skill level 6 in Invocations
  9922 | D:9      | Reached XP level 11. HP: 62/90 MP: 10/15
 10305 | D:9      | Found a staircase to the Orcish Mines.
 10735 | D:10     | Entered Level 10 of the Dungeon
 10750 | D:10     | Found a shadowy altar of Dithmenos.
 10750 | D:10     | Found a blossoming altar of Fedhas.
 10752 | D:10     | Noticed a flayed ghost
 10753 | D:10     | Found a snail-covered altar of Cheibriados.
 10753 | D:10     | Noticed a purple ugly thing
 10755 | D:10     | Found a transporter.
 10765 | D:10     | Found a transporter.
 10839 | D:10     | Noticed a two-headed ogre
 10844 | D:10     | Killed a two-headed ogre
 10844 | D:10     | Bound a two-headed ogre
 10914 | D:10     | Reached skill level 7 in Invocations
 11058 | D:10     | Noticed Urug
 11065 | D:10     | Killed Urug
 11224 | D:10     | Found Poxiukapnun's Jewellery Emporium.
 11408 | D:10     | Found a white marble altar of Elyvilon.
 11408 | D:10     | Found a shimmering altar of Xom.
 11620 | D:10     | Noticed Sonja
 11633 | D:10     | Killed Sonja
 11634 | D:10     | Reached skill level 8 in Invocations
 11990 | D:11     | Noticed a purple ugly thing
 11997 | D:11     | Killed a purple ugly thing
 12098 | D:11     | Reached skill level 9 in Invocations
 12248 | D:11     | Found Quzal's General Store.
 12440 | D:11     | Bought a potion of heal wounds for 75 gold pieces
 12440 | D:11     | Bought a scroll of blinking for 112 gold pieces
 12639 | Lair:1   | Entered Level 1 of the Lair of Beasts
 12955 | Lair:1   | Reached XP level 12. HP: 104/104 MP: 19/19
 13105 | Lair:1   | Identified a scroll of acquirement
 13105 | Lair:1   | Acquired a +4 broad axe of flaming
 14045 | Lair:2   | Noticed a catoblepas
 14047 | Lair:2   | Noticed a five-headed hydra
 14055 | Lair:2   | Killed a catoblepas
 14056 | Lair:2   | Reached skill level 10 in Invocations
 14058 | Lair:2   | Killed a three-headed hydra
 14305 | Lair:2   | Found a staircase to the Shoals.
 14390 | Lair:2   | Reached skill level 10 in Fighting
 14457 | Lair:2   | Reached skill level 11 in Invocations
 14550 | Lair:2   | Reached skill level 10 in Armour
 15151 | Lair:3   | Found a staircase to the Snake Pit.
 15285 | Lair:3   | Noticed a boulder beetle
 15305 | Lair:3   | Killed a boulder beetle
 15390 | Lair:3   | Reached ***** piety under Yredelemnul
 15997 | Lair:4   | Found a viscous altar of Jiyva.
 16068 | Lair:4   | Reached skill level 12 in Invocations
 16156 | Lair:4   | Reached XP level 13. HP: 110/115 MP: 20/22
 16631 | Lair:4   | Found a staircase to the Slime Pits.
 17290 | Lair:5   | Entered Level 5 of the Lair of Beasts
 17295 | Lair:5   | Reached skill level 13 in Invocations
 17452 | Lair:5   | Found a radiant altar of Vehumet.
 18429 | Lair:5   | Noticed a dire elephant
 18429 | Lair:5   | Noticed a dire elephant
 18429 | Lair:5   | Noticed a dire elephant
 18492 | Lair:5   | Killed a dire elephant
 18494 | Lair:5   | Killed a dire elephant
 18495 | Lair:5   | Reached skill level 14 in Invocations
 18500 | Lair:5   | Killed a dire elephant
 19203 | Lair:5   | Reached XP level 14. HP: 100/127 MP: 19/24
 19897 | Orc:1    | Entered Level 1 of the Orcish Mines
 20121 | Orc:1    | Reached skill level 15 in Invocations
 20327 | Orc:1    | Identified the +4 great sword "Kyagoski" {flame, ^Contam
                  | +Blink rF+++ Dex-5}
 20639 | Orc:1    | Noticed an orc warlord
 20669 | Orc:1    | Killed an orc warlord
 20669 | Orc:1    | Bound an orc warlord
 20918 | Orc:1    | Noticed Snorg
 20935 | Orc:1    | Killed Snorg
 20935 | Orc:1    | Bound Snorg
 21351 | Orc:2    | Entered Level 2 of the Orcish Mines
 21411 | Orc:2    | Found a staircase to the Elven Halls.
 21458 | Orc:2    | Noticed an orc warlord
 21458 | Orc:2    | Noticed Nergalle
 21476 | Orc:2    | Killed Nergalle
 21476 | Orc:2    | Your ally Snorg died
 21476 | Orc:2    | Killed an orc warlord
 21790 | Orc:2    | Found a roughly hewn altar of Beogh.
 21792 | Orc:2    | Reached skill level 16 in Invocations
 21807 | Orc:2    | Reached ****** piety under Yredelemnul
 22201 | Orc:2    | Found Zeostry's Antique Armour Boutique.
 22234 | Orc:2    | Found Vuecicohid's Antique Weapon Boutique.
 22383 | Orc:2    | Found Torgh's General Store.
 22398 | Orc:2    | Found Feuck's Book Boutique.
 22553 | D:8      | Bought a scroll of acquirement for 624 gold pieces
 22553 | D:8      | Bought a scroll of identify for 24 gold pieces
 22553 | D:8      | Bought a scroll of enchant armour for 90 gold pieces
 22553 | D:8      | Acquired 1003 gold pieces
 22632 | D:11     | Bought a scroll of silence for 142 gold pieces
 22632 | D:11     | Bought a scroll of teleportation for 45 gold pieces
 23246 | D:12     | Noticed a storm dragon
 23259 | D:12     | Killed a storm dragon
 23259 | D:12     | Bound a storm dragon
 23300 | D:12     | Reached XP level 15. HP: 75/139 MP: 7/27
 24617 | D:13     | Reached skill level 15 in Fighting
 24746 | D:13     | Reached skill level 17 in Invocations
 24846 | D:13     | Found a gate to the Vaults.
 25118 | D:13     | Found an ornate altar of the Wu Jian Council.
 25378 | D:14     | Reached skill level 15 in Armour
 25383 | D:14     | Found a shimmering altar of Xom.
 26259 | D:15     | Entered Level 15 of the Dungeon
 26296 | D:15     | Reached skill level 18 in Invocations
 26863 | D:15     | Found a hazy altar of Hepliaklqana.
 27074 | D:15     | Identified the +6 chain mail of Baleful Knowledge {rN+
                  | Dex+3}
 27380 | D:15     | Found a staircase to the Depths.
 27932 | Snake:1  | Entered Level 1 of the Snake Pit
 28043 | Snake:1  | Reached XP level 16. HP: 128/151 MP: 29/29
 28174 | Snake:1  | Found a runed translucent door.
 28174 | Snake:1  | Noticed waq's ghost (adept GrMo)
 29292 | Snake:1  | Killed waq's ghost
 29763 | Snake:2  | Found Raelu's Antique Armour Shop.
 29777 | Snake:2  | Reached skill level 19 in Invocations
 30211 | Snake:2  | Killed from afar by a salamander tyrant

Illustrated notes

Levels and vault maps discovered:
D:1:      heliophobic_arrival_dark_side_of_the_moon, layout_loops_ring,
          serial_rivers, chequers_serial_rivers_marsh,
          chequers_serial_rivers_large_a, chequers_serial_rivers_room_a,
          chequers_serial_rivers_micro_d, chequers_serial_rivers_marsh,
          chequers_serial_rivers_small_a
D:2:      kennysheep_the_goblin_king, layout_basic,
          shapermc_ecumenical_altar_mp_ritualfount
D:3:      layout_loops_corners, ebering_ghost_sewer_d
D:4:      layout_cave_pools, minmay_temple_entry_statues,
          nicolae_ossuary_entry_giza, hex_large, grunt_ministairs_7,
          minmay_misc_feat_more_columns, grunt_decor_resistance,
          kennysheep_generic_room_14, uniq_ijyb, uniq_grinder
D:5:      layout_gridville, nemelex_spade_bored_becter, serial_shops, shop,
          mainiacjoe_sewer_entry_somewhere_in_here_2, minmay_circle_x
D:6:      layout_cave_pools, grunt_qazlal_clouds, kennysheep_mini,
          minmay_manual_moon
D:7:      layout_basic, evilmike_ruin_ashenzari, uniq_maggie, uniq_pikel
D:8:      layout_loops_ring, erik_lair_orcish_takeover, serial_shops,
          nicolae_square_shop, shop, nicolae_shop_window_shopping,
          nicolae_shop_drivethru, nicolae_inconvenience_store
D:9:      layout_basic, erik_orc_1
D:10:     layout_basic, gammafunk_temple_overflow_wave,
          gammafunk_temple_overflow_arena, serial_shops, shop, uniq_sonja,
          uniq_urug
D:11:     layout_basic, serial_shops, nicolae_shop_window_shopping
D:12:     thingy_vault, layout_rooms, serial_bayou, serial_bayou_pond_d,
          serial_bayou_crossing, serial_bayou_shore_a, serial_bayou_pond_e
D:13:     layout_loops_ring, david_vaults_4, nicolae_wu_jian_immortal_techniques
D:14:     layout_big_octagon, xom_teletrap_fun
D:15:     hangedman_depths_entry_civil_slaughter, layout_loops_ring,
          nicolae_hepliaklqana_hazy_memory
Lair:1:   layout_cave_pods, lemuel_fruit_fields, infiniplex_staircase_pool_2
Lair:2:   layout_gridlike, minmay_shoals_entry_centaurs, grunt_megastairs_2,
          serial_bayou_shore_b
Lair:3:   layout_small_grid, nicolae_snake_entry_warm_welcome
Lair:4:   layout_gridlike, slime_entry_1, minmay_shattered_shrine
Lair:5:   due_jungle_book, layout_regular_city, basic_altar
Snake:1:  layout_onion_interference, hellmonk_ghost_happy_afterlife,
          portal_ice_cave_entry_ice_statue_one, drop_trap, eino_curves_02
Snake:2:  layout_onion, serial_shops, nicolae_lakefront_shop,
          nicolae_snake_scaly_snakehead, nicolae_triple_integral
Orc:1:    layout_caves, nicolae_orc_stalacmites, einodemon_barbed_minivault,
          uniq_snorg
Orc:2:    grunt_orc_cross, layout_caves

Skill      XL: |  1  2  3  4  5  6  7  8  9 10 11 12 13 14 15 16 |
---------------+-------------------------------------------------+-----
Axes           | 3 4 5 6 8 9 11 14 16 17 18 | 18.0
Invocations    | 6 9 12 14 16 18 19 | 19.1
Fighting       | 6 9 10 12 14 16 | 16.8
Armour         | 6 9 10 12 14 16 | 16.6
Shields        | |  3.2

Action                     |  1- 3 |  4- 6 |  7- 9 | 10-12 | 13-15 | 16-18 || total
---------------------------+-------+-------+-------+-------+-------+-------++-------
  Melee: War axe           |    98 |   130 |   182 |   372 |       |       ||   782
         Broad axe         |       |       |       |   134 |   773 |    97 ||  1004
  Throw: Stone             |     2 |       |       |       |     2 |       ||     4
 Invoke: Recall Undead Har |       |     4 |     1 |       |     3 |     1 ||     9
         Light the Black T |       |     2 |     5 |     8 |     8 |     1 ||    24
         Bind Soul         |       |       |       |     1 |     4 |       ||     5
         Hurl Torchlight   |       |       |       |     1 |     1 |       ||     2
         Fathomless Shackl |       |       |       |       |     2 |       ||     2
  Evoke: Wand              |       |       |       |       |     2 |       ||     2
         Phantom mirror    |       |       |       |       |     1 |       ||     1
    Use: Scroll            |     5 |     4 |     5 |    12 |     7 |       ||    33
         Potion            |       |       |       |     4 |     2 |       ||     6
   Stab: Distracted        |       |       |     1 |     8 |    13 |     1 ||    23
 Armour: Scale mail        |    59 |     9 |       |       |       |       ||    68
         Chain mail        |       |   107 |   163 |   333 |    21 |       ||   624
         Swamp dragon scal |       |       |       |   101 |   652 |   108 ||   861
  Dodge: Dodged            |    45 |    82 |    73 |   181 |   340 |    55 ||   776
  Block: Buckler           |    16 |    22 |    30 |    91 |   124 |    25 ||   308

Table legend: (Time is in decaauts)
 A = Elapsed time spent in this place.
 B = Non-inter-level travel time spent in this place.
 C = Inter-level travel time spent in this place.
 D = Time resting spent in this place.
 E = Time spent auto-exploring this place.
 F = Levels seen in this place.
 G = Mean time per level.
                   A        B        C        D        E       F      G
               +--------+--------+--------+--------+--------+-----+--------+
         Total |  29994 |  28373 |   1621 |   3804 |  19572 |  26 | 1153.6 |
       Dungeon |  17750 |  16504 |   1246 |   2653 |  10850 |  15 | 1183.3 |
          Lair |   7173 |   6875 |    298 |    844 |   5051 |   5 | 1434.6 |
     Snake Pit |   2253 |   2223 |     30 |    108 |   1827 |   2 | 1126.5 |
  Orcish Mines |   2512 |   2466 |     46 |    198 |   1770 |   2 | 1256.0 |
         Sewer |     79 |     79 |      0 |      0 |      8 |   1 |   79.0 |
       Ossuary |    226 |    226 |      0 |      0 |     66 |   1 |  226.0 |
               +--------+--------+--------+--------+--------+-----+--------+

Top non-repeatable levels by time:
  Lair:5: 2458 daAuts
     D:8: 1626 daAuts
    D:13: 1588 daAuts
     D:3: 1579 daAuts
 Snake:1: 1485 daAuts
   Orc:1: 1430 daAuts
     D:2: 1403 daAuts
  Lair:1: 1366 daAuts
    D:14: 1364 daAuts
  Lair:4: 1271 daAuts
     D:5: 1265 daAuts
     D:9: 1201 daAuts
     D:7: 1147 daAuts
    D:10: 1140 daAuts
    D:12: 1138 daAuts
